 Dungeon Crawl Stone Soup version 0.30.1-4-g462c640d31 (webtiles) character file.

Game seed: 9103154735365048996

55 Kurtz the Chopper (level 3, 0/34 HPs)
             Began as a Tengu Fighter on Sept 16, 2023.
             Slain by Sigmund
             ... wielding a +2 scythe of freezing
              (5 damage)
             ... on level 2 of the Dungeon.
             The game lasted 00:01:11 (1100 turns).

Kurtz the Chopper (Tengu Fighter)                   Turns: 1100, Time: 00:01:12

Health: 0/34       AC: 21    Str: 18    XL:     3   Next: 93%
Magic:  4/4        EV:  2    Int:  8    God:
Gold:   52         SH:  4    Dex: 13    Spells: 2/2 levels left

rFire   . . .        a - +0 war axe
rCold   . . .        c - +0 buckler
rNeg    . . .        b - melded +0 scale mail
rPois   +            (helmet currently unavailable)
rElec   .            (cloak currently unavailable)
rCorr   .            (gloves currently unavailable)
SInv    .            (boots unavailable)
Will    .....        (no amulet)
Stlth   +            (no ring)
HPRegen 0.25/turn    (no ring)
MPRegen 0.09/turn

%: no passive effects
@: mighty, tree-form (expiring)
A: stationary, stasis, torment immunity, boosted hp, (beak), (talons 3)
a: no special abilities


You were on level 2 of the Dungeon.
You were a tree.
You visited 1 branch of the dungeon, and saw 2 of its levels.

You collected 52 gold pieces.

Inventory:

Hand Weapons
 a - a +0 war axe (weapon)
Missiles
 i - 2 throwing nets (quivered)
Armour
 b - a +0 scale mail (melded)
 c - a +0 buckler (worn)
Jewellery
 e - an amulet of reflection
Scrolls
 g - 2 scrolls of identify {unknown}
 h - a scroll of fear {unknown}
 k - a scroll of silence {unknown}
 l - a scroll of teleportation {unknown}
 m - a scroll of poison {unknown}


   Skills:
 - Level 3.0 Fighting
 * Level 4.5 Axes
 - Level 3.2 Armour
 - Level 3.0 Shields


You had 2 spell levels left.
You didn't know any spells.
Your spell library was empty.

Dungeon Overview and Level Annotations

Branches:
Dungeon (2/15)

Altars:
Elyvilon

Annotations:
D:2 Sigmund


Innate Abilities, Weirdness & Mutations

You are a tree.
Your roots penetrate the ground, keeping you stationary.
You cannot be teleported.
You are immune to unholy pain and torment.
Your maximum health is greatly increased.
Your equipment is partially melded.
((You have a beak for a mouth.))
((You have claws for feet.))


Message History

You barely miss something. Something hits you but does no damage.
You barely miss something. You barely miss something. Something hits you!
Something freezes you.
You completely miss something. Something completely misses you.
You closely miss something. Something hits you but does no damage.
You nearly hit yourself!
You feel less confused.
Sigmund appears from thin air!
Reactivating autopickup.
Sigmund points at you and mumbles some strange words.
You resist with significant effort.
You barely miss Sigmund.
Sigmund hits you with a +2 scythe of freezing!
Sigmund freezes you.
You barely miss Sigmund. Sigmund hits you but does no damage.
You barely miss Sigmund. Sigmund hits you but does no damage.
You slash Sigmund!
Sigmund is heavily wounded.
You slash Sigmund!
Sigmund is almost dead.
Your transformation is almost over.
Sigmund casts a spell at you.
The puff of flame hits you but does no damage.
Sigmund says, "Your kind have come here before.
I understand now why.
You desire death..."
Sigmund hits you but does no damage.
You barely miss Sigmund.
Sigmund is almost dead.
Sigmund's eyes start glowing with a red light.
Sigmund hits you but does no damage.
You closely miss Sigmund.
Sigmund is almost dead.
Sigmund hits you but does no damage.
You barely miss Sigmund.
Sigmund is almost dead.
You completely miss Sigmund.
Sigmund is almost dead.
Sigmund hits you with a +2 scythe of freezing!
* * * LOW HITPOINT WARNING * * *
Sigmund freezes you.
You die...

#######.....## #............#
#[...........# ###########
#........._..## #.........#####
..............#####..............
........................)........
..........#......................
#.........#......................
.).............@♣................
#.........#.........########.....
##.########.........# #.....
#†......############ #.....
##.......# #..... .........#
#..... .........# #.####
.........# #. ....######


You could see Sigmund.

Vanquished Creatures
  2 adders (D:2)
  A worm (D:2)
  A dart slug (D:1)
  2 bats (D:1)
  3 endoplasms
  3 giant cockroaches (D:1)
  3 goblins
  3 hobgoblins (D:1)
  3 jackals (D:1)
  2 quokkas (D:1)
  A ball python (D:1)
  2 kobolds
  2 rats (D:1)
28 creatures vanquished.

Notes
Turn   | Place    | Note
-------+----------+-------------------------------------------
     0 | D:1      | Kurtz the Tengu Fighter began the quest for the Orb.
     0 | D:1      | Reached XP level 1. HP: 14/14 MP: 2/2
   153 | D:1      | Reached XP level 2. HP: 19/19 MP: 3/3
   158 | D:1      | Reached skill level 3 in Axes
   682 | D:1      | Reached XP level 3. HP: 23/23 MP: 4/4
   938 | D:2      | Reached skill level 4 in Axes
   992 | D:2      | Found a white marble altar of Elyvilon.
  1040 | D:2      | Noticed Sigmund
  1075 | D:2      | HP: 1/23 [something/magic dart (4)]
  1100 | D:2      | Slain by Sigmund

Illustrated notes

Levels and vault maps discovered:
D:1:      ebering_trefoil_3fold, layout_loops_ring, st_stairs_4, minivault_11
D:2:      layout_basic, basic_altar, uniq_sigmund

Skill      XL: |  1  2  3 |
---------------+----------+-----
Axes           | 3 4 |  4.5
Fighting       | |  3.0
Armour         | |  3.2
Shields        | |  3.0

Action                     || total
---------------------------++-------
  Melee: War axe           ||    84
         Peck              ||     9
         Kick              ||    12
    Use: Potion            ||     6
 Armour: Scale mail        ||    34
         Skin              ||    13
  Dodge: Dodged            ||    34
  Block: Buckler           ||    13
